 Dungeon Crawl Stone Soup version 0.23-a0-32-g1388f29 (webtiles) character file.

758 iamserjio the Sneak (level 7, -11/46 HPs)
             Began as an Octopode Berserker on Aug 4, 2018.
             Was a Believer of Trog.
             Killed by divine providence
             ... invoked by an orc priest
              (15 damage)
             ... on level 5 of the Dungeon.
             The game lasted 00:12:48 (1730 turns).

iamserjio the Sneak (Octopode Berserker)            Turns: 1730, Time: 00:12:49

Health: -11/46     AC:  1    Str: 17    XL:     7   Next: 80%
Magic:  7/7        EV: 16    Int: 13    God:    Trog [**....]
Gold:   177        SH:  0    Dex: 11    Spells: 6/6 levels left

rFire    . . .     SeeInvis .   d - +0 dagger (venom)
rCold    . . .     Gourm    .   (no shield)
rNeg     . . .     Faith    .   (helmet restricted)
rPois    .         Spirit   .   (no amulet)
rElec    .         Reflect  .   j - +2 ring of intelligence
rCorr    .         Harm     .   (no ring)
MR       .....                  (no ring)
Stlth    ++++......             (no ring)
HPRegen  0.15/turn              (no ring)
MPRegen  0.10/turn              (no ring)
                                (no ring)
                                (no ring)

@: berserk cooldown, slowed, very slow
A: almost no armour, stealthy swim, amphibious, 8 rings, constrict 8, camouflage
1, gelatinous body 1
a: Berserk, Trog's Hand, Renounce Religion


You were on level 5 of the Dungeon.
You worshipped Trog.
Trog was pleased with you.
You were very hungry.

You visited 1 branch of the dungeon, and saw 5 of its levels.

You collected 177 gold pieces.

Inventory:

Hand Weapons
 a - a +0 falchion
 d - a +0 dagger of venom (weapon)
 f - a cursed +0 short sword
 s - a +0 short sword of venom
 t - a +0 hunting sling
 w - a cursed -3 spear
Missiles
 e - 43 sling bullets
 l - 22 poisoned needles
 n - 64 stones (quivered)
 r - 36 arrows
Jewellery
 j - a +2 ring of intelligence (left tentacle)
Scrolls
 g - 2 scrolls of enchant weapon {unknown}
 i - 2 scrolls of identify {unknown}
 k - 4 scrolls of remove curse {@r2}
 m - 2 scrolls of teleportation {unknown}
 o - a scroll of immolation {unknown}
 q - a scroll of fear {unknown}
 u - a scroll of fog {unknown}
Potions
 c - a potion of might {unknown}
 h - a potion of mutation {unknown}
 p - 2 potions of curing {unknown}
Comestibles
 b - 8 rations


   Skills:
 - Level 3.0 Fighting
 + Level 4.8 Long Blades
 * Level 6.2 Dodging
 * Level 7.1 Stealth


You had 6 spell levels left.
You didn't know any spells.
Your spell library was empty.

Dungeon Overview and Level Annotations

Branches:
Dungeon (5/15)             Temple (0/1) D:4

Altars:
Kikubaaqudgha


Innate Abilities, Weirdness & Mutations

You cannot wear most types of armour.
You are very stealthy in the water. (Stealth+)
You are amphibious.
You can wear up to eight rings at the same time.
You can use your tentacles to constrict eight enemies at once.
Your skin changes colour to match your surroundings (Stealth+).
Your rubbery body absorbs attacks. (AC +1, EV +1)


Message History

You hit something. Something hits you.
* * * LOW HITPOINT WARNING * * *
You closely miss something. You puncture something! Trog accepts your kill.
Trog appreciates your killing of a magic user.
Reactivating autopickup.
You feel a bit more experienced.
The orc priest invokes the aid of Beogh against you.
Pain shoots through your body!
* * * LOW HITPOINT WARNING * * *
You puncture the orc!
You kill the orc!
Trog accepts your kill.
You are no longer berserk.
You are exhausted.
You feel yourself slow down.
The orc priest calls down the wrath of Beogh upon you.
Beogh smites you!
You die...

##.........#
.#.........#
...........#
...........#
#.........##
#..o.....###
...o..o....#
........#.o#
..##....##@## ## #
##..####(# .....
#... #(# #...## #..#
#.# ..#..## ##..#
#.#
......###...#####.#
.......#......##..#
.....#.[..........#
......#......รท....#


You could see an orc priest.

Vanquished Creatures
  Grinder (D:3)
  An orc warrior (D:5)
  An ogre (D:4)
  A bullfrog (D:3)
  A hound (D:4)
  2 orc priests
  2 orc wizards
  Jessica (D:2)
  5 adders
  3 shadow imps (D:4)
  An ooze (D:2)
  2 worms (D:4)
  3 leopard geckos
  9 orcs
  A giant cockroach (D:1)
  4 goblins
  2 hobgoblins (D:3)
  8 jackals
  4 kobolds
  3 quokkas
  2 ball pythons
  6 bats
  5 frilled lizards
  A leopard gecko skeleton (D:4)
  A quokka skeleton (D:4)
  9 rats
79 creatures vanquished.

Vanquished Creatures (others)
  An orc wizard (D:5)
1 creature vanquished.

Grand Total: 80 creatures vanquished

Notes
Turn   | Place    | Note
-------+----------+-------------------------------------------
     0 | D:1      | iamserjio the Octopode Berserker began the quest for the Orb.
     0 | D:1      | Reached XP level 1. HP: 16/16 MP: 1/1
    47 | D:1      | Reached skill level 1 in Stealth
    47 | D:1      | Reached XP level 2. HP: 21/21 MP: 2/2
   336 | D:2      | Reached XP level 3. HP: 13/26 MP: 3/3
   376 | D:2      | Reached ** piety under Trog
   404 | D:2      | Reached skill level 2 in Stealth
   601 | D:2      | Reached XP level 4. HP: 20/31 MP: 4/4
   642 | D:2      | Noticed Jessica
   645 | D:2      | Killed Jessica
   814 | D:3      | Noticed a bullfrog
   822 | D:3      | Reached skill level 3 in Stealth
   824 | D:3      | Killed a bullfrog
   824 | D:3      | Reached XP level 5. HP: 25/36 MP: 5/5
   835 | D:3      | Noticed Grinder
   842 | D:3      | Killed Grinder
   842 | D:3      | Reached skill level 5 in Dodging
   842 | D:3      | Reached skill level 5 in Stealth
   842 | D:3      | Reached XP level 6. HP: 34/42 MP: 6/6
   970 | D:3      | Found an ancient bone altar of Kikubaaqudgha.
  1148 | D:4      | Found a transporter.
  1162 | D:4      | Found a transporter.
  1279 | D:4      | Reached skill level 6 in Stealth
  1279 | D:4      | Reached XP level 7. HP: 44/46 MP: 7/7
  1625 | D:4      | Found a staircase to the Ecumenical Temple.
  1640 | D:5      | Entered Level 5 of the Dungeon
  1721 | D:5      | Reached skill level 7 in Stealth
  1730 | D:5      | Killed from afar by an orc priest

Vault maps used:
D:1:      erik_arrival_blinker_ship
D:2:      first_ration, uniq_jessica
D:3:      kiku_gazebo_garden_becter, uniq_grinder
D:4:      gammafunk_wand_slinger, minmay_temple_entry_from_below_a,
          uniq_crazy_yiuf_cottage
D:5:      portal_sewer_entry_b

Skill      XL: |  1  2  3  4  5  6  7 |
---------------+----------------------+-----
Stealth        | 1 2 3 5 6 7 |  7.1
Dodging        | 4 5 6 |  6.2
Long Blades    | 4 |  4.8
Fighting       | |  3.0

Action                   |  1- 3 |  4- 6 |  7- 9 || total
-------------------------+-------+-------+-------++-------
Melee: Falchion          |    11 |       |       ||    11
       Constrict         |    18 |    14 |     9 ||    41
       Tentacles         |    10 |    10 |     8 ||    28
       Dagger            |    46 |    60 |    48 ||   154
Invok: Trog's Hand       |       |     3 |     2 ||     5
       Berserk           |       |     2 |     1 ||     3
Evoke: Wand              |       |     3 |     4 ||     7
  Use: Scroll            |       |     1 |       ||     1
 Stab: Sleeping          |     4 |     8 |       ||    12
  Eat: Chunk             |       |     2 |     4 ||     6
Armor: Skin              |     4 |     2 |     1 ||     7
Dodge: Dodged            |    40 |    37 |    25 ||   102
       Rpst.: Falchion   |     3 |       |       ||     3

Table legend:
 A = Spawn XP
 B = Non-spawn XP
 C = Spawn XP percentage of total XP
 D = Spawn monster count
 E = Non-spawn monster count
 F = Spawn count percentage of total count
 G = Total turns spent on level
                    A         B        C        D         E        F      G
               +---------+---------+-------+---------+---------+-------+---------
         Total |       0 |    1084 |   0.0 |       0 |      80 |   0.0 |  1730
               +---------+---------+-------+---------+---------+-------+---------
           D:1 |       0 |      27 |   0.0 |       0 |      16 |   0.0 |   334
           D:2 |       0 |      96 |   0.0 |       0 |      20 |   0.0 |   355
           D:3 |       0 |     448 |   0.0 |       0 |      21 |   0.0 |   459
           D:4 |       0 |     265 |   0.0 |       0 |      13 |   0.0 |   492
           D:5 |       0 |     248 |   0.0 |       0 |      10 |   0.0 |    90
               +---------+---------+-------+---------+---------+-------+---------
